AoeStats
← JosephFasterconquer

Black Forest

510725240Analyzed
2v2 RM · 1d ago on Oct 2, 2026· 47m 7s· 4 players
Game mode
Random Map
Map size
Medium (4 player)
Population
200
Speed
Normal
Resources
Standard
Victory
Conquest
Starting age
Dark Age
Ending age
Imperial Age
RankedLock teamsTeams togetherTeam positionsShared explorationLock speedFull tech treeHidden civsTurbo modeCheats
Victory
Defeat
🇲🇽 Wu · Mexico
994
+15
🇲🇽 Bulgarians · Mexico
916
+18
🇨🇳 Goths · China
991
-18
🇨🇳 Celts · China
925
-15
洪武大帝朱元璋
1:22 Loom
13:31 Feudal Age
14:45 Double-Bit Axe
18:52 Castle Age
17:44 Arson
17:21 Man-at-Arms
27:24 Town Watch
29:14 Elite Skirmisher
31:09 Wheelbarrow
30:40 Town Patrol
30:48 Town Patrol
30:52 Stone Mining
32:47 Fletching
32:59 Padded Archer Armor
33:41 Hand Cart
34:38 Gambesons
38:45 Imperial Age
38:38 Stronghold
39:08 Leather Archer Armor
38:49 Bodkin Arrow
40:37 Conscription
40:31 Furor Celtica
40:34 Horse Collar
41:29 Ring Archer Armor
42:32 Ballistics
43:13 Chemistry
43:42 Masonry
45:04 Fortified Wall
天策上将李世民
1:57 Loom
13:02 Feudal Age
13:44 Double-Bit Axe
17:43 Castle Age
16:06 Forging
15:56 Scale Mail Armor
17:43 Man-at-Arms
20:12 Long Swordsman
26:34 Horse Collar
27:34 Heavy Plow
30:03 Bow Saw
30:20 Gold Mining
33:35 Wheelbarrow
36:45 Imperial Age
34:27 Anarchy
35:08 Hand Cart
34:40 Town Watch
36:15 Squires
36:55 Iron Casting
36:35 Chain Mail Armor
36:28 Town Patrol
36:49 Onager
38:57 Blast Furnace
38:01 Perfusion
38:21 Conscription
37:59 Two-Handed Swordsman
38:56 Champion
40:55 Two-Man Saw
40:27 Crop Rotation
JosephFasterconquer
0:31 Loom
14:09 Feudal Age
15:02 Double-Bit Axe
15:32 Gold Mining
18:41 Castle Age
17:21 Horse Collar
19:32 Fletching
21:29 Heavy Plow
23:31 Bodkin Arrow
27:56 Red Cliffs Tactics
29:43 Wheelbarrow
28:54 Town Watch
30:21 Forging
30:11 Scale Mail Armor
33:01 Bow Saw
37:18 Imperial Age
35:59 Hand Cart
36:07 Hand Cart
37:22 Padded Archer Armor
38:05 Bracer
40:37 Conscription
41:12 Town Patrol
44:03 Ballistics
45:55 Chemistry
44:18 Elite Fire Archer
joseemiron
0:41 Loom
4:08 Loom
12:07 Feudal Age
13:32 Double-Bit Axe
18:08 Castle Age
16:23 Forging
16:22 Horse Collar
17:22 Gold Mining
17:23 Stone Mining
18:35 Town Watch
20:44 Wheelbarrow
20:54 Scale Mail Armor
21:29 Iron Casting
24:45 Bow Saw
25:27 Heavy Plow
26:48 Chain Mail Armor
27:16 Hand Cart
27:52 Gambesons
28:08 Squires
33:08 Imperial Age
31:51 Gold Shaft Mining
31:52 Stone Shaft Mining
31:30 Arson
32:09 Fletching
32:44 Ballistics
33:15 Bodkin Arrow
33:51 Bagains
34:12 Conscription
34:25 Plate Mail Armor
34:55 Blast Furnace
33:27 Capped Ram
34:24 Town Patrol
34:45 Bracer
35:53 Siege Ram
37:24 Masonry
38:10 Scale Barding Armor
39:41 Chain Barding Armor
42:25 Chemistry
41:57 Architecture
Connection lost

Rejoining the realm…

Still unreachable

The connection could not be restored.

Session expired

The server has moved on; the page needs a fresh start.